 Dungeon Crawl Stone Soup version 0.28-a0-578-g717728bcc0 (webtiles) character file.

Game seed: 13892906117363616581

152943 Johnny the Warrior (level 17, -1/172 HPs)
             Began as a White Draconian Ice Elementalist on Oct 1, 2021.
             Was an Elder of Sif Muna.
             Killed from afar by a deep elf annihilator (38 damage)
             ... with a bolt of lightning
             ... on level 3 of the Elven Halls on Oct 2, 2021.
             The game lasted 00:54:21 (38367 turns).

Johnny the Warrior (DrIE)                          Turns: 38367, Time: 00:54:22

Health: -1/172     AC: 26    Str:  6    XL:     17   Next: 3%
Magic:  14/35      EV: 11    Int: 31    God:    Sif Muna [****..]
Gold:   678        SH: 12    Dex: 16    Spells: 20/45 levels left

rFire   + + +      SeeInvis .   C - +7 fustibalus of Yfyss {venom, *Slow rPois Dex+4}
rCold   + + +      Faith    .   K - +0 kite shield
rNeg    + . .      Spirit   .   (armour unavailable)
rPois   +          Reflect  .   W - +2 hat
rElec   .          Harm     .   J - scarf {rC+ rF+}
rCorr   .          Rampage  .   h - +2 pair of gloves {Stlth+}
Will    +....                   P - +0 pair of boots of Magic {Drain rF+ Int+3 Slay+4}
Stlth   +++.......              k - amulet "Giablow" {Acrobat rN+}
HPRegen 0.38/turn               Q - +6 ring of intelligence
MPRegen 0.24/turn               U - ring of Rigurre {rF++ rC+ Str-5}

@: ice-armoured, unable to drink
A: no potions, breathe frost, AC +9, unfitting armour, cold resistance 1,
cold-blooded
a: Breathe Frost, Renounce Religion, Channel Magic, Forget Spell, Divine
Exegesis


You were on level 3 of the Elven Halls.
You worshipped Sif Muna.
Sif Muna was greatly pleased with you.
You visited 5 branches of the dungeon, and saw 27 of its levels.
You also visited: Bailey.

You collected 3642 gold pieces.
You spent 2964 gold pieces at shops.

Inventory:

Hand Weapons
 C - the +7 fustibalus of Yfyss (weapon) {venom, *Slow rPois Dex+4}
   (You found it on level 6 of the Dungeon)

   Any ammunition fired from it poisons the flesh of those it strikes.
   Dex:       It affects your dexterity (+4).
   rPois:     It protects you from poison.
   *Slow:     It may slow you when you take damage.
 Y - the +9 hand crossbow of Profit {elec, rF- Will++ Int+8 Dex-2}
   (You found it on level 6 of the Lair of Beasts)

   Any ammunition fired from it occasionally discharges a powerful burst of
   electricity upon striking a foe.
   Int:       It affects your intelligence (+8).
   Dex:       It affects your dexterity (-2).
   rF:        It makes you vulnerable to fire.
   Will:      It greatly increases your willpower.
Missiles
 y - 6 throwing nets
 E - 701 stones (quivered ammo)
 S - 72 sling bullets
Armour
 h - a +2 pair of gloves of stealth (worn)
 J - a scarf of resistance (worn)
 K - a +0 kite shield (worn)
 P - the +0 pair of boots of Magic (worn) {Drain rF+ Int+3 Slay+4}
   (You acquired it on level 13 of the Dungeon)

   Int:       It affects your intelligence (+3).
   Slay:      It affects your accuracy & damage with ranged weapons and melee
   (+4).
   rF:        It protects you from fire.
   Drain:     It drains your maximum health when unequipped.
 W - a +2 hat (worn)
Jewellery
 j - a ring of willpower
 k - the amulet "Giablow" (around neck) {Acrobat rN+}
   (You bought it in a shop on level 2 of the Elven Halls)

   [amulet of the acrobat]

   It increases your evasion while moving and waiting.
   rN:        It protects you from negative energy.
 m - a +6 ring of intelligence
 t - an amulet of faith
 v - a ring of see invisible
 x - a +4 ring of protection
 L - a ring of positive energy
 Q - a +6 ring of intelligence (left hand)
 U - the ring of Rigurre (right hand) {rF++ rC+ Str-5}
   (You found it on level 14 of the Dungeon)

   [ring of protection from cold]

   Str:       It affects your strength (-5).
   rF:        It greatly protects you from fire.
   rC:        It protects you from cold.
Wands
 r - a wand of charming (8)
 s - a wand of digging (7)
 I - a wand of acid (21)
Scrolls
 a - 7 scrolls of enchant armour
 b - a scroll of holy word
 i - a scroll of silence
 n - 8 scrolls of magic mapping
 o - 13 scrolls of fog
 q - 2 scrolls of blinking
 w - 2 scrolls of identify
 z - 5 scrolls of immolation
 B - 6 scrolls of noise
 F - 7 scrolls of teleportation
 M - a scroll of vulnerability
 N - a scroll of torment
 O - 5 scrolls of fear
Potions
 c - 16 potions of curing
 d - 9 potions of heal wounds
 e - 9 potions of ambrosia
 f - 4 potions of attraction
 g - 6 potions of lignification
 l - 3 potions of might
 p - 3 potions of mutation
 u - a potion of flight
 A - a potion of cancellation
 D - 3 potions of haste
 G - 2 potions of invisibility
 H - 3 potions of berserk rage
 R - a potion of resistance
 V - 2 potions of magic
 Z - a potion of brilliance
Miscellaneous
 T - a condenser vane
 X - a piece from Xom's chessboard (15/15)


   Skills:
 * Level 20.6 Fighting
 - Level 1.7 Dodging
 - Level 1.7 Stealth
 + Level 11.3 Shields
 + Level 14.8 Spellcasting
 - Level 14.3 Ice Magic
 + Level 12.3 Invocations


You had 20 spell levels left.
You knew the following spells:

 Your Spells              Type           Power      Damage    Failure   Level
a - Freeze                Ice            100%       1d11      0%          1
b - Frozen Ramparts       Ice            100%       1d12      1%          3
c - Ozocubu's Armour      Ice            84%        N/A       1%          3
d - Summon Ice Beast      Ice/Summ       61%        N/A       1%          4
e - Ozocubu's Refrigerat  Ice            42%        4d13      7%          7
f - Hailstorm             Conj/Ice       61%        3d13      1%          4
g - Stone Arrow           Conj/Erth      44%        3d9       10%         3

Your spell library contained the following spells:

 Spells                   Type           Power      Damage    Failure   Level
 Ensorcelled Hibernation  Hex/Ice        100%       N/A       1%          2
 Ice Form                 Ice/Tmut       61%        N/A       1%          4
 Animate Skeleton         Necr           44%        N/A       3%          1
 Apportation              Tloc           44%        N/A       3%          1
 Magic Dart               Conj           88%        1d7       3%          1
 Pain                     Necr           88%        1d8       3%          1
 Sandblast                Erth           44%        2d11      3%          1
 Shock                    Conj/Air       88%        1d8       3%          1
 Summon Small Mammal      Summ           88%        N/A       3%          1
 Passwall                 Tmut/Erth      18%        N/A       4%          2
 Static Discharge         Conj/Air       22%        N/A       4%          2
 Metabolic Englaciation   Hex/Ice        30%        N/A       4%          5
 Conjure Flame            Conj/Fire      22%        6-21      10%         3
 Dazzling Flash           Conj/Hex       44%        N/A       10%         3
 Swiftness                Air            22%        N/A       10%         3
 Tukima's Dance           Hex            22%        N/A       10%         3
 Vampiric Draining        Necr           11%        2d7       10%         3
 Simulacrum               Ice/Necr       30%        N/A       26%         6
 Airstrike                Air            11%        N/A       30%         4
 Animate Dead             Necr           11%        N/A       30%         4
 Flame Wave               Conj/Fire      22%        3d6       30%         4
 Iskenderun's Mystic Bla  Conj/Tloc      22%        2d6       30%         4
 Passage of Golubria      Tloc           N/A        N/A       30%         4
 Petrify                  Tmut/Erth      22%        N/A       30%         4
 Summon Lightning Spire   Summ/Air       22%        N/A       30%         4
 Agony                    Necr           22%        N/A       65%         5
 Borgnjor's Vile Clutch   Necr/Erth      11%        N/A       65%         5
 Excruciating Wounds      Necr           11%        N/A       65%         5
 Iskenderun's Battlesphe  Conj           22%        2d8       65%         5
 Lightning Bolt           Conj/Air       11%        1d24      65%         5
 Yara's Violent Unravell  Hex/Tmut       11%        3d6       65%         5
 Iron Shot                Conj/Erth      11%        9d3       99%         6
 Starburst                Conj/Fire      11%        6d5       99%         6
 Haunt                    Necr/Summ      11%        N/A       100%        7
 Malign Gateway           Summ/Tloc      11%        N/A       100%        7
 Spellforged Servitor     Conj/Summ      11%        N/A       100%        7
 Infestation              Necr           11%        N/A       100%        8
 Maxwell's Capacitive Co  Air            11%        ∞         100%        8
 Summon Horrible Things   Summ           11%        N/A       100%        8


Dungeon Overview and Level Annotations

Branches:
Dungeon (15/15)            Temple (1/1) D:6            Lair (6/6) D:11
 Shoals (0/4) Lair:2       Spider (0/4) Lair:2        Slime (0/5) Lair:5
    Orc (2/2) D:10            Elf (3/3) Orc:2        Vaults (0/5) D:14
 Bailey (visited)
 Depths: D:15

Altars:
Ashenzari
Cheibriados
Dithmenos
Elyvilon
Fedhas
Hepliaklqana
Kikubaaqudgha
Makhleb
Nemelex Xobeh
Okawaru
Qazlal
Ru
Sif Muna
Trog
Uskayaw
Vehumet
Wu Jian
Xom
Yredelemnul
Zin
The Shining One
Beogh

Shops:
D:15 *   Orc:1 ?   Orc:2 :[*(   Elf:1 :*?[=   Elf:2 ?**(=

Portals:
Trove: Elf:2 (give +6 demon trident)

Annotations:
Lair:5 Josephine
Elf:2 3 runed translucent doors


Innate Abilities, Weirdness & Mutations

You cannot drink.
You can breathe waves of freezing cold which knock back foes.
Your icy white scales are hard. (AC +9)
You cannot fit into any form of body armour.
Your flesh is cold resistant. (rC+)
You are cold-blooded and may be slowed by cold attacks.


Message History

The deep elf sorcerer mumbles some strange words.
The deep elf sorcerer seems to speed up.
A deep elf archer comes into view.
It is wielding the +6 morningstar of Nemelex Xobeh's Regard {vorpal, rElec rCorr Str-2} and wearing the ring of Xoppela {rC+ Int+6 Dex+7 Slay+2}.
You feel less invigorated.
You start resting.
A deep elf death mage is nearby!
You shoot a stone. The stone hits the deep elf death mage!
The deep elf death mage is almost dead.
You shoot a stone. The stone hits the deep elf death mage!
You kill the deep elf death mage!
Sif Muna accepts your kill.
Casting: Ozocubu's Refrigeration (dangerous; 7% risk of failure)
Confirm with . or Enter, or press ? or * to list all spells.
A film of ice covers your body!
You shoot a stone.
The stone hits the deep elf annihilator!
The deep elf annihilator is poisoned.
The deep elf annihilator is lightly wounded.
The deep elf annihilator casts a spell at you.
The iron shot hits you!!!
* * * LOW HITPOINT WARNING * * *
Casting: Ozocubu's Armour (safe; 1% risk of failure)
Confirm with . or Enter, or press ? or * to list all spells.
The heat is drained from your surroundings.
You feel very cold.
The deep elf annihilator and the deep elf sorcerer are frozen.
The deep elf annihilator is moderately wounded.
The deep elf sorcerer is heavily wounded.
Casting: Ozocubu's Refrigeration (dangerous; 7% risk of failure)
Confirm with . or Enter, or press ? or * to list all spells.
The heat is drained from your surroundings.
You feel very cold. The monsters around you are frozen!
The deep elf annihilator is severely wounded.
The deep elf sorcerer is almost dead.
The deep elf archer resists.
The deep elf archer is moderately wounded.
You have got your breath back.
The deep elf annihilator points at you and mumbles some strange words.
The bolt of lightning hits you!!!
You die...

##'###### ##.....##
##..=....## .....
##.........## .e...#
#..[........# ......
#....8.8....# #(....#
#...........# #)....
#######....8.8....# #....
#.eee.@...........#
#....##E######.........##
#...)...# ##.......##
.e.....#### ##.....##
⌠).E... ###'### ....e.)
#.# ....).. #)# ...E..#
#.# .[?... #.#


You could see a deep elf annihilator (very poisoned), a deep elf sorcerer
(fast), a deep elf archer (repels missiles) and a water elemental.

Vanquished Creatures
  A deep elf master archer (Elf:3)
  Kirke (Lair:6)
  2 deep elf sorcerers
  An orc warlord (Orc:2)
  A deep elf demonologist (Elf:2)
  A deep elf annihilator (Elf:3)
  2 deep elf death magi (Elf:3)
  2 fire dragons
  2 deep elf high priests
  9 hydras
  Harold (D:9)
  4 vault guards (D:14)
  6 catoblepae
  5 boulder beetles
  Erica (D:8)
  5 centaur warriors
  A death knight (D:12)
  11 dancing weapons
  22 death yaks
  A tengu warrior (D:13)
  3 two-headed ogres
  7 deep elf knights
  2 orc high priests
  Sonja (Lair:6)
  Nergalle (Orc:2)
  2 skeletal warriors (D:12)
  2 lindwurms
  11 deep elf archers
  A harpy (shapeshifter) (D:14)
  6 orc knights
  19 deep elf pyromancers
  An orb spider (Lair:2)
  18 deep elf zephyrmancers
  6 orc sorcerers
  2 oklob plants (Lair:4)
  5 cyclopes
  7 manticores
  9 ugly things
  An ice statue (D:12)
  8 elephants (Lair:4)
  A torpor snail (Lair:5)
  4 black mambas
  A merfolk siren (Lair:2)
  17 cane toads
  2 orange demons (Elf:2)
  A gargoyle (D:10)
  A freezing wraith (D:14)
  8 rime drakes
  11 komodo dragons
  5 meliai (Lair:3)
  2 queen bees (Lair:3)
  8 trolls
  Prince Ribbit (D:5)
  30 blink frogs
  8 slime creatures
  4 dream sheep (Lair:5)
  Sigmund (D:4)
  A centaur simulacrum (D:10)
  4 wraiths
  A shadow (D:6)
  8 wyverns
  A vampire (D:13)
  2 water elementals
  4 basilisks
  84 yaks
  Eustachio (D:4)
  2 hogs (Lair:6)
  5 wargs
  Edmund (D:5)
  7 vampire mosquitoes
  2 acid dragons
  15 water moccasins
  39 orc warriors
  A sky beast (D:7)
  4 black bears
  6 necrophages
  5 ogres
  19 wolves
  A centaur (D:9)
  A phantom (D:5)
  A kobold brigand (D:9)
  Blork the orc (D:5)
  16 bullfrogs
  A water moccasin zombie (D:5)
  5 scorpions
  2 earth elementals (Elf:1)
  2 gnoll sergeants
  A water moccasin skeleton (D:5)
  5 wights (D:6)
  56 killer bees
  2 howler monkeys (D:10)
  An electric eel (Lair:2)
  2 centaur zombies (D:5)
  5 hounds
  21 orc priests
  A bullfrog skeleton (D:4)
  A bullfrog zombie (D:6)
  4 jellies
  A hell rat (Lair:3)
  Jessica (D:2)
  Ijyb (D:4)
  26 orc wizards
  4 iguanas
  A killer bee zombie (D:5)
  2 howler monkey zombies (D:9)
  A howler monkey skeleton (D:7)
  16 gnolls
  5 adders
  A river rat (Lair:3)
  A shadow imp (D:7)
  4 white imps
  2 ufetubi (D:5)
  3 worms
  3 dart slugs
  87 orcs
  5 ball pythons
  11 endoplasms
  3 giant cockroaches
  6 goblins
  10 hobgoblins
  2 jackals (D:1)
  6 kobolds
  2 quokkas
  3 bats
  2 frilled lizards
  3 rats
  A bush (Lair:6)
850 creatures vanquished.

Vanquished Creatures (others)
  A human (Lair:6)
  A scorpion (Elf:2)
  81 fungi
  111 plants
194 creatures vanquished.

Grand Total: 1044 creatures vanquished

Notes
Turn   | Place    | Note
-------+----------+-------------------------------------------
     0 | D:1      | Johnny the Draconian Ice Elementalist began the quest for
                  | the Orb.
     0 | D:1      | Reached XP level 1. HP: 14/14 MP: 3/3
    48 | D:1      | Found a faded altar of an unknown god.
   523 | D:1      | Reached XP level 2. HP: 8/22 MP: 0/5
   524 | D:1      | Reached skill level 1 in Fighting
  1793 | D:2      | Noticed Jessica
  1815 | D:2      | Killed Jessica
  1816 | D:2      | Reached XP level 3. HP: 21/29 MP: 2/7
  1958 | D:2      | Reached skill level 2 in Fighting
  2024 | D:2      | Reached XP level 4. HP: 25/36 MP: 4/8
  2561 | D:3      | Learned a level 3 spell: Frozen Ramparts
  2565 | D:3      | Learned a level 3 spell: Ozocubu's Armour
  2672 | D:3      | Noticed a bullfrog
  2680 | D:3      | Killed a bullfrog
  2681 | D:3      | Reached skill level 3 in Fighting
  2681 | D:3      | Reached skill level 5 in Ice Magic
  2681 | D:3      | Reached XP level 5. HP: 45/45 MP: 3/10
  3299 | D:4      | Noticed a phantom
  3376 | D:4      | Noticed Ijyb
  3388 | D:4      | Killed Ijyb
  3389 | D:4      | Reached XP level 6. HP: 48/51 MP: 5/11
  3625 | D:4      | Reached skill level 4 in Fighting
  3755 | D:4      | Noticed Sigmund
  3981 | D:4      | Noticed Eustachio
  3987 | D:4      | Killed Eustachio
  3988 | D:4      | Your scales start taking on an icy white colour.
  3988 | D:4      | Reached XP level 7. HP: 58/60 MP: 5/13
  3988 | D:4      | Gained mutation: Your flesh is cold resistant. (rC+) [White
                  | Draconian growth]
  4198 | D:4      | Killed Sigmund
  4199 | D:4      | Reached skill level 5 in Fighting
  4311 | D:4      | Learned a level 4 spell: Hailstorm
  4512 | D:5      | Entered Level 5 of the Dungeon
  4526 | D:5      | Reached skill level 5 in Spellcasting
  4771 | D:5      | Reached XP level 8. HP: 65/70 MP: 15/15
  5069 | D:5      | Reached skill level 6 in Fighting
  5246 | D:5      | Noticed Prince Ribbit
  5266 | D:5      | Killed Prince Ribbit
  5350 | D:5      | Noticed Edmund
  5363 | D:5      | Killed Edmund
  5743 | D:5      | Reached skill level 7 in Fighting
  5772 | D:5      | Noticed Blork the orc
  5779 | D:5      | Killed Blork the orc
  6409 | D:6      | Reached XP level 9. HP: 72/79 MP: 12/18
  6671 | D:6      | Identified the +7 fustibalus of Yfyss {venom, *Slow rPois
                  | Dex+4}
  7071 | D:6      | Reached skill level 10 in Ice Magic
  7268 | D:6      | Found a staircase to the Ecumenical Temple.
  7369 | Temple   | Entered the Ecumenical Temple
  7459 | Temple   | Became a worshipper of Sif Muna the Loreminder
  7973 | D:7      | Reached skill level 8 in Fighting
  8677 | D:8      | Noticed Erica
  8689 | D:8      | Killed Erica
  8689 | D:8      | Reached * piety under Sif Muna
  8797 | D:8      | Identified a scroll of acquirement
  8801 | D:8      | Acquired 964 gold pieces
  8991 | D:8      | Reached skill level 9 in Fighting
  9127 | D:8      | Reached XP level 10. HP: 91/91 MP: 20/22
  9490 | D:9      | Noticed Harold
 10045 | D:9      | Killed Harold
 10286 | D:9      | Found a shadowy altar of Dithmenos.
 10296 | D:9      | Reached skill level 10 in Fighting
 10556 | D:10     | Entered Level 10 of the Dungeon
 10717 | D:10     | Found a staircase to the Orcish Mines.
 10734 | D:10     | Noticed a gargoyle
 10741 | D:10     | Killed a gargoyle
 10741 | D:10     | Reached ** piety under Sif Muna
 10757 | D:10     | Noticed a two-headed ogre
 10764 | D:10     | Killed a two-headed ogre
 11452 | D:11     | Noticed a two-headed ogre
 11459 | D:11     | Killed a two-headed ogre
 11460 | D:11     | Reached XP level 11. HP: 101/101 MP: 15/24
 11569 | D:11     | Noticed an orc knight
 11570 | D:11     | Noticed an orc sorcerer
 11580 | D:11     | Killed an orc sorcerer
 11612 | D:10     | Killed an orc knight
 11613 | D:10     | Reached skill level 11 in Fighting
 12132 | D:11     | Found a staircase to the Lair.
 12992 | D:12     | Reached skill level 10 in Spellcasting
 13187 | D:12     | Identified the +0 helmet of Vexation {rN+}
 13219 | D:12     | Noticed a boulder beetle
 13550 | D:12     | Noticed a skeletal warrior
 13555 | D:12     | Noticed a boulder beetle
 13625 | Lair:1   | Entered Level 1 of the Lair of Beasts
 13820 | Lair:1   | Noticed a death yak
 13821 | Lair:1   | Noticed a death yak
 13821 | Lair:1   | Noticed a death yak
 13822 | Lair:1   | Noticed a death yak
 13834 | Lair:1   | Killed a death yak
 13835 | Lair:1   | Killed a death yak
 13839 | Lair:1   | Killed a death yak
 13840 | Lair:1   | Reached skill level 12 in Fighting
 13843 | Lair:1   | Killed a death yak
 14116 | Lair:1   | Reached *** piety under Sif Muna
 14136 | Lair:1   | Noticed a six-headed hydra
 14142 | Lair:1   | Killed a six-headed hydra
 14143 | Lair:1   | Reached XP level 12. HP: 105/113 MP: 20/26
 14368 | Lair:1   | Noticed a seven-headed hydra
 14379 | Lair:1   | Killed a seven-headed hydra
 14456 | Lair:1   | Reached skill level 1 in Shields
 14456 | Lair:1   | Reached skill level 1 in Invocations
 14888 | Lair:2   | Noticed a seven-headed hydra
 14895 | Lair:2   | Killed a seven-headed hydra
 15117 | Lair:2   | Found a hole to the Spider Nest.
 15564 | Lair:2   | Found a staircase to the Shoals.
 15570 | Lair:2   | Reached skill level 13 in Fighting
 16744 | Lair:3   | Reached **** piety under Sif Muna
 16995 | Lair:3   | Noticed a catoblepas
 17007 | Lair:3   | Killed a catoblepas
 17207 | Lair:3   | Reached skill level 14 in Fighting
 17276 | Lair:3   | Noticed a five-headed hydra
 17281 | Lair:3   | Killed a five-headed hydra
 17496 | Lair:3   | Reached XP level 13. HP: 124/124 MP: 28/28
 17574 | Lair:3   | Reached skill level 5 in Invocations
 18181 | Lair:3   | Reached skill level 5 in Shields
 18260 | Lair:3   | Reached ***** piety under Sif Muna
 18496 | Lair:3   | Received a gift from Sif Muna
 18497 | Lair:3   | Got Ilaemmin's Grimoire of Glacial Damage Dealing {god
                  | gift}
 18506 | Lair:3   | Learned a level 7 spell: Ozocubu's Refrigeration
 19027 | Lair:3   | Identified the ring "Ohubry" {Contam rF- Will+ Int+8 SInv}
 19060 | Lair:3   | Reached skill level 15 in Fighting
 20472 | Lair:4   | Found the +2 robe of Vines {NoPotionHeal Regen+++}
 21740 | Lair:4   | You fall into a shaft and drop 2 floors!
 21740 | Lair:6   | Entered Level 6 of the Lair of Beasts
 21758 | Lair:6   | Reached XP level 14. HP: 110/136 MP: 30/30
 21905 | Lair:6   | Reached skill level 16 in Fighting
 22571 | Lair:6   | Identified the +0 chain mail of Servitude {rC++ Regen+
                  | Int+3}
 22604 | Lair:6   | Noticed Kirke
 22620 | Lair:6   | Killed Kirke
 22921 | Lair:6   | Noticed Sonja
 22922 | Lair:6   | Killed Sonja
 23255 | Lair:6   | Reached skill level 17 in Fighting
 23820 | Lair:6   | Identified the +9 hand crossbow of Profit {elec, rF- Will++
                  | Int+8 Dex-2}
 24214 | Lair:5   | Noticed Josephine
 24538 | Lair:5   | Found a staircase to the Slime Pits.
 25457 | Lair:5   | Reached XP level 15. HP: 147/147 MP: 32/32
 26786 | D:12     | Reached skill level 18 in Fighting
 28344 | D:13     | Reached skill level 10 in Invocations
 28469 | D:13     | Acquired a +2 pair of gloves of stealth
 28478 | D:13     | Acquired the +0 pair of boots of Magic {Drain rF+ Int+3
                  | Slay+4}
 29074 | D:14     | Identified the ring of Rigurre {rF++ rC+ Str-5}
 29120 | D:14     | Found a blossoming altar of Fedhas.
 29216 | D:14     | Found a gate to the Vaults.
 30082 | D:15     | Entered Level 15 of the Dungeon
 30231 | D:15     | Found Asasihia's Assorted Antiques.
 30243 | D:15     | Bought a scroll of identify for 50 gold pieces
 30243 | D:15     | Bought a green potion for 22 gold pieces
 30763 | Orc:1    | Entered Level 1 of the Orcish Mines
 30767 | Orc:1    | Received a gift from Sif Muna
 30771 | Orc:1    | Got Xusiezas's Volume of the Snowflakes and the Escort {god
                  | gift}
 30777 | Orc:1    | Learned a level 4 spell: Summon Ice Beast
 30842 | Orc:1    | Found Efrol's Magic Scroll Emporium.
 30854 | Orc:1    | Bought a scroll of teleportation for 36 gold pieces
 30854 | Orc:1    | Bought a scroll of teleportation for 36 gold pieces
 30854 | Orc:1    | Bought a scroll of identify for 24 gold pieces
 30854 | Orc:1    | Bought a scroll of identify for 24 gold pieces
 30854 | Orc:1    | Bought a scroll of teleportation for 36 gold pieces
 30854 | Orc:1    | Bought a scroll of identify for 24 gold pieces
 30854 | Orc:1    | Bought a scroll of magic mapping for 42 gold pieces
 30854 | Orc:1    | Bought a scroll of fear for 42 gold pieces
 30854 | Orc:1    | Bought a scroll of noise for 12 gold pieces
 30929 | Orc:1    | Reached skill level 19 in Fighting
 31025 | Orc:1    | Found a flagged portal.
 31032 | Bailey   | Entered a bailey
 31658 | Bailey   | Reached skill level 10 in Shields
 31660 | Bailey   | Reached XP level 16. HP: 160/160 MP: 12/34
 32069 | Orc:2    | Entered Level 2 of the Orcish Mines
 32224 | Orc:2    | Noticed Nergalle
 32227 | Orc:2    | Killed Nergalle
 32327 | Orc:2    | Found Gufunuf's Antique Weapon Shoppe.
 32344 | Orc:2    | Found Lebas's Antique Armour Shoppe.
 32582 | Orc:2    | Found a staircase to the Elven Halls.
 32787 | Orc:2    | Found Wimyleaf's General Store.
 32825 | Orc:2    | Bought a runed hat for 273 gold pieces
 33114 | Orc:2    | Found Howaen's Book Shoppe.
 33310 | Elf:1    | Entered Level 1 of the Elven Halls
 33312 | Elf:1    | Received a gift from Sif Muna
 33313 | Elf:1    | Got Sif Muna's Reference Book on Changing and Companions
                  | {god gift}
 33379 | Elf:1    | Found Plog's Assorted Antiques.
 33383 | Elf:1    | Found Dono's Book Boutique.
 33405 | Elf:1    | Bought a scroll of enchant armour for 172 gold pieces
 33405 | Elf:1    | Bought a scroll of fog for 46 gold pieces
 33405 | Elf:1    | Bought a potion of curing for 69 gold pieces
 33674 | Elf:1    | You fall into a shaft and drop 1 floor!
 33788 | Elf:2    | Found Xoedavis's Antique Weapon Shop.
 34014 | Elf:1    | Found a shimmering altar of Xom.
 34214 | Elf:3    | Entered Level 3 of the Elven Halls
 34736 | Elf:2    | Found Novis's Jewellery Emporium.
 34763 | Elf:2    | Bought the amulet "Giablow" {Acrobat rN+} for 782 gold
                  | pieces
 35012 | Elf:1    | Found Ownim's Magic Scroll Boutique.
 35288 | Elf:1    | Bought a scroll of fog for 36 gold pieces
 35288 | Elf:1    | Bought a scroll of identify for 36 gold pieces
 35288 | Elf:1    | Bought a scroll of identify for 36 gold pieces
 35288 | Elf:1    | Bought a scroll of fog for 36 gold pieces
 35288 | Elf:1    | Bought a scroll of identify for 36 gold pieces
 35288 | Elf:1    | Bought a scroll of identify for 36 gold pieces
 35288 | Elf:1    | Bought a scroll of identify for 36 gold pieces
 35288 | Elf:1    | Bought a scroll of fog for 36 gold pieces
 35288 | Elf:1    | Bought a scroll of holy word for 135 gold pieces
 35306 | Elf:1    | Learned a level 3 spell: Stone Arrow
 35540 | Elf:1    | Found Loul's Jewellery Shop.
 35588 | Elf:1    | Reached skill level 20 in Fighting
 36096 | Elf:1    | Got the Collected Works on Supportive Evil
 36299 | Elf:1    | Found Ejiwer's Antique Armour Shoppe.
 36306 | Elf:1    | Bought an embroidered scarf for 184 gold pieces
 36306 | Elf:1    | Bought a pair of glowing gloves for 172 gold pieces
 36755 | Elf:2    | Found Ikem's General Store.
 36755 | Elf:2    | Found Fieho's Magic Scroll Shoppe.
 36818 | Elf:2    | Bought a potion of heal wounds for 85 gold pieces
 36818 | Elf:2    | Bought a potion of lignification for 51 gold pieces
 36818 | Elf:2    | Bought a scroll of identify for 34 gold pieces
 36827 | Elf:2    | Bought a scroll of teleportation for 60 gold pieces
 36827 | Elf:2    | Bought 3 scrolls of fog for 120 gold pieces
 36827 | Elf:2    | Bought a scroll of fog for 40 gold pieces
 37047 | Elf:2    | Paralysed by an orc sorcerer for 5 turns
 37055 | Elf:2    | Found a runed translucent gate.
 37055 | Elf:2    | Found a runed translucent gate.
 37057 | Elf:2    | Found a runed translucent gate.
 37320 | Elf:2    | Found a portal to a secret trove of treasure.
 37357 | Elf:2    | Found Pisah's General Store.
 37365 | Elf:2    | Bought a scroll of identify for 30 gold pieces
 37365 | Elf:2    | Bought a potion of heal wounds for 75 gold pieces
 38346 | Elf:3    | Noticed a deep elf master archer
 38349 | Elf:3    | Reached XP level 17. HP: 145/171 MP: 13/35
 38353 | Elf:3    | Killed a deep elf master archer
 38353 | Elf:3    | Identified the +6 demon whip "Kaevvune" {venom, rCorr}
 38354 | Elf:3    | Identified the +6 morningstar of Nemelex Xobeh's Regard
                  | {vorpal, rElec rCorr Str-2}
 38354 | Elf:3    | Identified the ring of Xoppela {rC+ Int+6 Dex+7 Slay+2}
 38367 | Elf:3    | Killed from afar by a deep elf annihilator

Illustrated notes

Levels and vault maps discovered:
D:1:      heliophobic_arrival_enchanted_forest, layout_loops_ring,
          hellmonk_ecumenical_altar_blasted
D:2:      layout_rooms, uniq_jessica
D:3:      layout_rooms
D:4:      layout_cave_pools, uniq_eustachio, uniq_sigmund, uniq_ijyb
D:5:      layout_loops_corners, kennysheep_generic_room_10, uniq_edmund,
          uniq_prince_ribbit1, uniq_blork_the_orc
D:6:      layout_loops_corners, minmay_temple_entry_statues_pillars
D:7:      layout_loops_ring, dk_vineyard_2
D:8:      layout_loops_cross, uniq_erica
D:9:      layout_long_grid, kennysheep_little_box, uniq_harold
D:10:     layout_cave_pools, orc_0_dummy
D:11:     layout_basic, grunt_lair_entry_orc_guard_hut
D:12:     layout_cave_pools, minivault_16
D:13:     kennysheep_ambush_hall, layout_small_grid
D:14:     layout_rooms, lightli_vaults_fourway_checkpoint,
          fedhas_altar_fruit_tree, chequers_avenue
D:15:     hangedman_depths_entry_try_elsewhere_first, layout_layer_cave,
          elyvilon_altar_4, serial_shops, shop_coins
Temple:   regret_index_temple_sigil_plot
Lair:1:   layout_gridlike
Lair:2:   layout_small_grid, minmay_shoals_entry_lonely_mermaid,
          nicolae_spider_entry_orb_guardian, infiniplex_staircase_pool
Lair:3:   regret_index_combs_of_tragedy, layout_loops_ring, special_room
          [special_room_bee], roderic_carrion_pond, serial_bayou_shore_a
Lair:4:   layout_cave_pods, hellmonk_guarded_unrand_vines, grunt_megastairs_2,
          lemuel_fruit_tree
Lair:5:   layout_cave_pods, minmay_slime_entry_pillars, grunt_megastairs_1,
          uniq_josephine
Lair:6:   evilmike_catoblepas_cave, layout_regular_city, uniq_kirke, uniq_sonja
Orc:1:    layout_caves, enter_bailey_3, serial_shops, shop_scrolls, basic_altar
Orc:2:    grunt_orc_cross, layout_diamond_mine, special_room
Elf:1:    layout_rooms, serial_shops, shop, nicolae_shop_stone, shop,
          nicolae_shop_statue_plus, shop_fountains,
          kennysheep_underground_church, drop_trap, lemuel_upstairs_altar
Elf:2:    elven_hall_of_blades_hangedman_original
          [nicolae_blade_entry_sentries_behind_glass], layout_rooms,
          nicolae_trove_entry_columns, serial_shops, nicolae_stop_n_shop_2,
          nicolae_stop_n_shop_2, nicolae_shop_trees, shop_scrolls,
          nicolae_diamond_shop, einodemon_barbed_minivault
Elf:3:    grunt_elf_hall_spiral, layout_geoelf_diagonals

Skill      XL: |  1  2  3  4  5  6  7  8  9 10 11 12 13 14 15 16 |
---------------+-------------------------------------------------+-----
Fighting       | 1 2 3 4 5 7 9 10 12 14 15 17 19 20 | 20.6
Spellcasting   | 3 4 5 6 8 9 10 11 12 13 14 | 14.8
Ice Magic      | 5 7 8 9 11 12 14 | 14.3
Shields        | 4 6 8 10 11 | 11.3
Invocations    | 4 7 9 10 12 | 12.3
Dodging        | |  1.7
Stealth        | |  1.7

Action                   |  1- 3 |  4- 6 |  7- 9 | 10-12 | 13-15 | 16-18 || total
-------------------------+-------+-------+-------+-------+-------+-------++-------
Melee: Dagger            |    65 |    90 |    15 |       |       |       ||   170
       Unarmed           |     3 |       |       |       |       |       ||     3
       Tailslap          |     4 |    12 |    13 |       |       |       ||    29
       Scythe            |       |       |    36 |       |       |       ||    36
       Flail             |       |       |    67 |       |       |       ||    67
       Dire flail        |       |       |    16 |       |       |       ||    16
       Fustibalus        |       |       |     1 |       |       |       ||     1
 Fire: Fustibalus        |       |       |    73 |   432 |   562 |   211 ||  1278
 Cast: Freeze            |    29 |    45 |    35 |    73 |   117 |     2 ||   301
       Frozen Ramparts   |       |    12 |    23 |    43 |    41 |       ||   119
       Ozocubu's Armour  |       |     3 |    13 |    23 |    25 |     8 ||    72
       Hailstorm         |       |       |     5 |    23 |    34 |    28 ||    90
       Ozocubu's Refrige |       |       |       |       |   134 |    73 ||   207
       Stone Arrow       |       |       |       |       |       |    36 ||    36
       Summon Ice Beast  |       |       |       |       |       |    19 ||    19
Invok: Channel Magic     |       |       |       |       |    12 |    11 ||    23
 Abil: Breathe Frost     |       |       |     3 |     4 |     2 |     2 ||    11
Evoke: Wand              |       |       |       |     7 |    13 |       ||    20
       Condenser vane    |       |       |       |       |     2 |       ||     2
  Use: Scroll            |       |       |     7 |     5 |    15 |    12 ||    39
       Potion            |       |       |       |       |       |     1 ||     1
 Stab: Sleeping          |     5 |     1 |     2 |       |       |       ||     8
Armor: Skin              |    21 |    39 |   102 |   168 |   248 |    83 ||   661
Dodge: Dodged            |    73 |    73 |   169 |   220 |   284 |    84 ||   903
Block: Kite shield       |       |       |       |       |       |   113 ||   113

Table legend: (Time is in decaauts)
 A = Elapsed time spent in this place.
 B = Non-inter-level travel time spent in this place.
 C = Inter-level travel time spent in this place.
 D = Time resting spent in this place.
 E = Time spent auto-exploring this place.
 F = Levels seen in this place.
 G = Mean time per level.
                   A        B        C        D        E       F      G
               +--------+--------+--------+--------+--------+-----+--------+
         Total |  39093 |  37944 |   1149 |   9954 |  22067 |  28 | 1396.2 |
       Dungeon |  18311 |  17653 |    658 |   4323 |  10607 |  15 | 1220.7 |
        Temple |    119 |     91 |     28 |      0 |     67 |   1 |  119.0 |
          Lair |  12898 |  12625 |    273 |   3085 |   7738 |   6 | 2149.7 |
  Orcish Mines |   1864 |   1819 |     45 |      6 |   1359 |   2 |  932.0 |
   Elven Halls |   5167 |   5023 |    144 |   2192 |   2059 |   3 | 1722.3 |
        Bailey |    732 |    732 |      0 |    346 |    237 |   1 |  732.0 |
               +--------+--------+--------+--------+--------+-----+--------+

Top non-repeatable levels by time:
  Lair:3: 3217 daAuts
  Lair:6: 2817 daAuts
   Elf:1: 2434 daAuts
  Lair:4: 2292 daAuts
     D:5: 1776 daAuts
    D:13: 1699 daAuts
  Lair:2: 1661 daAuts
  Lair:5: 1617 daAuts
    D:12: 1615 daAuts
   Elf:3: 1400 daAuts
    D:10: 1374 daAuts
    D:14: 1357 daAuts
   Elf:2: 1332 daAuts
     D:1: 1310 daAuts
  Lair:1: 1291 daAuts
